 Dungeon Crawl Stone Soup version 0.31.0-9-g3a7656b989 (webtiles) character file.

Game seed: 5921611798395351410

491 qw the Ducker (level 6, -7/30 HPs)
             Began as a Spriggan Hunter on Feb 2, 2024.
             Was an Initiate of Okawaru.
             Mangled by a gnoll
             ... wielding a +0 halberd
              (11 damage)
             ... on level 4 of the Dungeon.
             The game lasted 00:00:10 (2556 turns).

qw the Ducker (Spriggan Hunter)                     Turns: 2556, Time: 00:00:11

Health: -7/30      AC:  8    Str:  7    XL:     6   Next: 91%
Magic:  7/7        EV: 22    Int: 11    God:    Okawaru [......]
Gold:   182        SH:  0    Dex: 20    Spells: 5/5 levels left

rFire   . . .        a - +2 shortbow
rCold   . . .        (shield currently unavailable)
rNeg    . . .        c - +0 robe
rPois   .            (helmet restricted)
rElec   .            (no cloak)
rCorr   .            (gloves unavailable)
SInv    +            (boots unavailable)
Will    +....        (no amulet)
Stlth   ++           i - +4 ring of protection
HPRegen 0.25/turn    (no ring)
MPRegen 0.10/turn

%: no passive effects
@: about to teleport, very quick
A: very small, no large weapons, unfitting armour, see invisible, speed 3,
iridescent scales 1, sense surroundings 1
a: Renounce Religion


You were on level 4 of the Dungeon.
You worshipped Okawaru.
Okawaru was noncommittal.
You visited 1 branch of the dungeon, and saw 4 of its levels.

You collected 182 gold pieces.


Innate Abilities, Weirdness & Mutations

You are very small and have problems with some larger weapons.
You are too small for most types of armour.
You have supernaturally acute eyesight. (SInv)
You cover ground extremely quickly. (Speed+++)
You are partially covered in iridescent scales. (AC +2)
You passively map a small area around you.


   Skills:
 - Level 2.1 Fighting
 + Level 6.3 Ranged Weapons
 - Level 7.2 Dodging
 - Level 1.5 Stealth


You had 5 spell levels left.
You didn't know any spells.
Your spell library was empty.

Inventory:

Hand Weapons
 a - a +2 shortbow (weapon)
Armour
 c - a +0 robe (worn)
Jewellery
 b - a ring of ice
 i - a +4 ring of protection (left hand)
Wands
 j - a wand of flame (27)
Scrolls
 d - a scroll of teleportation
 l - a scroll of identify
 n - a scroll of fear {unknown}
Potions
 e - a potion of might
 f - a potion of enlightenment {unknown}
 g - a potion of ambrosia {unknown}
 h - a potion of lignification {unknown}
 k - a potion of mutation
 m - a potion of cancellation {unknown}

Dungeon Overview and Level Annotations

Branches:
Dungeon (4/15)
 Temple: D:4-7

Altars:
Okawaru

Annotations:
D:2 1 runed translucent door, Crazy Yiuf


Message History

You shoot an arrow. The arrow hits the gnoll!
The gnoll is almost dead.
The gnoll hits you from afar with a +0 spear.
The gnoll misses you.
You shoot an arrow. The arrow closely misses the gnoll.
The arrow hits the gnoll but does no damage.
The gnoll completely misses you. The gnoll misses you.
The gnoll closely misses you.
You shoot an arrow. The arrow hits the gnoll.
You kill the gnoll!
Okawaru accepts your kill.
The gnoll hits you from afar with a +0 spear.
The gnoll completely misses you.
You shoot an arrow. The arrow hits the endoplasm!
You kill the endoplasm!
Okawaru accepts your kill. The gnoll completely misses you.
The gnoll misses you.
You shoot an arrow. The arrow hits the gnoll!
The gnoll is severely wounded.
The gnoll closely misses you.
The gnoll hits you from afar with a +0 spear.
You shoot an arrow. The arrow hits the gnoll!
You kill the gnoll!
Okawaru accepts your kill. The gnoll misses you.
The gnoll hits you but does no damage.
The kobold throws a stone.
The stone misses you.
You shoot an arrow. The arrow hits the gnoll.
The gnoll is moderately wounded.
The gnoll hits you from afar with a +0 halberd.
The gnoll misses you.
The gnoll hits you from afar with a +0 spear.
The kobold closely misses you.
The gnoll hits you from afar with a +0 halberd!
2556 ||| READING 2 scrolls of teleportation.
As you read the scroll of teleportation, it crumbles to dust.
You feel strangely unstable. The gnoll misses you.
A goblin comes into view. It is wielding a +0 club.
The gnoll hits you from afar with a +0 halberd!
You die...

..#,#...[...#...(...# ,,
, #.......#.......# ,
#..##.......#.....[.# ,,
, ..# ##.....###.....##
#######.).## ##...## ,
..##..##'#######%#######'
*
...#.(........%........g,
,
#.......................
##.#............@.......
, #.#..##'#######K#######
* #.####...## *gg.**
#..##.....## ..... * ,
##.#......(#.....(. ,
.#.......#.......#
##...(...#...!...# ,
##.....###.....## ##...##
,


You could see 2 gnolls, a goblin (wandering) and a kobold.

Vanquished Creatures
  Sigmund (D:2)
  A scorpion (D:3)
  A bombardier beetle (D:3)
  A hound (D:4)
  Jessica (D:1)
  Ijyb (D:4)
  3 gnolls (D:4)
  6 adders
  A ribbon worm (D:3)
  6 orcs
  9 ball pythons
  2 bats (D:1)
  9 endoplasms
  5 giant cockroaches
  A goblin (D:3)
  6 hobgoblins
  6 kobolds
  2 frilled lizards
  3 rats
65 creatures vanquished.

Notes
Turn   | Place    | Note
-------+----------+-------------------------------------------
     0 | D:1      | qw the Spriggan Hunter began the quest for the Orb.
     0 | D:1      | Reached XP level 1. HP: 10/10 MP: 2/2
     0 | D:1      | 0 ||| qw: Version: 0.3-a-155-g5e7d8dd
     0 | D:1      | 0 ||| qw: Game counter: 2050
     0 | D:1      | 0 ||| qw: Melee chars always use a shield: true
     0 | D:1      | 0 ||| qw: God list: Okawaru
     0 | D:1      | 0 ||| qw: Allow faded altars: false
     0 | D:1      | 0 ||| qw: Do Orc after clearing Dungeon:15 true
     0 | D:1      | 0 ||| qw: Do second Lair branch before Depths: true
     0 | D:1      | 0 ||| qw: Lair rune preference: random
     0 | D:1      | 0 ||| qw: Goals: Normal
     0 | D:1      | 0 ||| PLANNING D:1-11
    36 | D:1      | Reached skill level 3 in Dodging
   164 | D:1      | Reached XP level 2. HP: 14/14 MP: 3/3
   261 | D:1      | Reached skill level 4 in Dodging
   352 | D:1      | 352 ||| READING 3 scrolls labelled VETUTU URUHEU.
   355 | D:1      | 355 ||| READING scroll labelled TUG EBBAITU.
   356 | D:1      | 356 ||| READING scroll labelled QATAYBR QOST.
   356 | D:1      | 356 ||| ENCHANTING +0 shortbow.
   357 | D:1      | 357 ||| READING scroll labelled AZIOMMIGUI.
   358 | D:1      | 358 ||| READING scroll labelled YNKOAWINKIS.
   359 | D:1      | 359 ||| READING scroll labelled SENLUX UTADA.
   359 | D:1      | 359 ||| IDENTIFYING red potion
   360 | D:1      | 360 ||| DRINKING 2 murky golden potions.
   360 | D:1      | Gained mutation: You are partially covered in iridescent
                  | scales. (AC +2) [potion of mutation]
   360 | D:1      | Gained mutation: You passively map a small area around you.
                  | [potion of mutation]
   361 | D:1      | 361 ||| DRINKING 2 dark potions.
   362 | D:1      | 362 ||| DROPPING scroll of butterflies.
   388 | D:2      | Noticed Jessica
   389 | D:2      | 389 ||| STAIRDANCE
   396 | D:1      | Killed Jessica
   397 | D:1      | Reached XP level 3. HP: 18/18 MP: 4/4
   635 | D:2      | Reached XP level 4. HP: 22/22 MP: 5/5
   864 | D:2      | Noticed Sigmund
   866 | D:2      | 866 ||| DRINKING potion of haste.
   888 | D:2      | Killed Sigmund
   889 | D:2      | Reached skill level 7 in Dodging
   889 | D:2      | Reached XP level 5. HP: 14/25 MP: 6/6
  1086 | D:2      | Found a runed translucent door.
  1087 | D:2      | Noticed Crazy Yiuf
  1316 | D:2      | 1316 ||| READING scroll labelled ZUURGH QEIFFU.
  1491 | D:3      | Found a faded altar of an unknown god.
  1596 | D:3      | Reached XP level 6. HP: 30/30 MP: 7/7
  1915 | D:3      | 1915 ||| FLEEEEING.
  1916 | D:3      | 1916 ||| FLEEEEING.
  1917 | D:3      | 1917 ||| FLEEEEING.
  1918 | D:3      | 1918 ||| FLEEEEING.
  1919 | D:3      | 1919 ||| FLEEEEING.
  1920 | D:3      | 1920 ||| FLEEEEING.
  1921 | D:3      | 1921 ||| FLEEEEING.
  1923 | D:3      | 1923 ||| FLEEEEING.
  1927 | D:3      | 1927 ||| FLEEEEING.
  1929 | D:3      | 1929 ||| FLEEEEING.
  1930 | D:3      | 1930 ||| FLEEEEING.
  1931 | D:3      | 1931 ||| FLEEEEING.
  1932 | D:3      | 1932 ||| FLEEEEING.
  1933 | D:3      | 1933 ||| FLEEEEING.
  1934 | D:3      | 1934 ||| FLEEEEING.
  1935 | D:3      | 1935 ||| STAIRDANCE
  1955 | D:2      | 1955 ||| READING scroll labelled KUXYUSS NAUL.
  2013 | D:3      | 2013 ||| READING scroll of enchant weapon.
  2013 | D:3      | 2013 ||| ENCHANTING +1 shortbow.
  2046 | D:3      | Found an iron altar of Okawaru.
  2047 | D:3      | 2047 ||| PLANNING OKAWARU WORSHIP
  2055 | D:3      | Became a worshipper of Warmaster Okawaru
  2056 | D:3      | 2056 ||| PLANNING D:1-11
  2353 | D:3      | 2353 ||| UPGRADING to +4 ring of protection.
  2369 | D:4      | Noticed Ijyb
  2372 | D:4      | 2372 ||| STAIRDANCE
  2385 | D:4      | 2385 ||| STAIRDANCE
  2402 | D:4      | Killed Ijyb
  2403 | D:4      | 2403 ||| STAIRDANCE
  2490 | D:4      | Reached skill level 6 in Ranged Weapons
  2555 | D:4      | HP: 4/30 [gnoll/+0 halberd (7)]
  2556 | D:4      | 2556 ||| READING 2 scrolls of teleportation.
  2556 | D:4      | Mangled by a gnoll

Levels and vault maps discovered:
D:1:      shiori_shiawase, layout_rooms
D:2:      layout_loops_ring, minmay_misc_feat_alley, kennysheep_generic_room_6,
          uniq_sigmund, uniq_jessica, uniq_crazy_yiuf_cottage
D:3:      layout_loops_cross, okawaru_trees_1, ebering_ecumenical_altar_rust,
          chequers_serial_rivers_small_3, roderic_serpentine_path,
          minmay_close_crescents
D:4:      kennysheep_six_static_rooms, layout_rooms, temple_pool_b, uniq_pikel,
          uniq_ijyb

Skill      XL: |  1  2  3  4  5  6 |
---------------+-------------------+-----
Dodging        | 3 4 7 |  7.2
Ranged Weapons | 5 6 |  6.3
Fighting       | 2 |  2.1
Stealth        | |  1.5

Action                     |  1- 3 |  4- 6 || total
---------------------------+-------+-------++-------
   Fire: Shortbow          |    45 |   163 ||   208
    Use: Scroll            |     6 |     4 ||    10
         Potion            |     2 |     1 ||     3
 Armour: Robe              |     1 |    23 ||    24
  Dodge: Dodged            |    11 |   100 ||   111

Table legend:
 A = Non-vault XP
 B = Vault XP
 C = Vault XP percentage of total XP
 D = Non-vault monster count
 E = Vault monster count
 F = Vault count percentage of total count
                 A         B        C        D         E       F
            +---------+---------+-------+---------+---------+-------
      Total |     351 |     351 |  50.0 |      54 |      11 |  16.9
            +---------+---------+-------+---------+---------+-------
        D:1 |      24 |      37 |  60.7 |      15 |       1 |   6.2
        D:2 |      66 |     244 |  78.7 |      11 |       4 |  26.7
        D:3 |     178 |      13 |   6.8 |      18 |       1 |   5.3
        D:4 |      83 |      57 |  40.7 |      10 |       5 |  33.3
            +---------+---------+-------+---------+---------+-------
